 Dungeon Crawl Stone Soup version 0.28-a0-425-gd0eccab798 (webtiles) character file.

Game seed: 12577086955350955212

410 Zenkrye the Chopper (level 6, -1/50 HPs)
             Began as a Palentonga Abyssal Knight on Sept 9, 2021.
             Was a Believer of Lugonu.
             Slain by a gnoll (17 damage)
             ... on level 6 of the Dungeon.
             The game lasted 00:11:30 (4210 turns).

Zenkrye the Chopper (Palentonga Abyssal Knight)     Turns: 4210, Time: 00:11:30

Health: -1/50      AC:  7    Str: 17    XL:     6   Next: 58%
Magic:  9/9        EV:  5    Int: 12    God:    Lugonu [**....]
Gold:   41         SH:  0    Dex: 10    Spells: 5/5 levels left

rFire   . . .      SeeInvis +   a - +1 hand axe (flame)
rCold   . . .      Faith    .   (no shield)
rNeg    . . .      Spirit   .   n - +0 chain mail
rPois   .          Reflect  .   (no helmet)
rElec   .          Harm     .   (no cloak)
rCorr   .          Rampage  .   (no gloves)
Will    +....                   (no barding)
Stlth   ..........              (no amulet)
HPRegen 0.16/turn               w - ring of willpower
MPRegen 0.11/turn               (no ring)

@: on berserk cooldown, slowed, very slow
A: large, rugged brown scales 3, see invisible, deformed body, roll 1, armoured
tail
a: Rolling Charge, Renounce Religion, Depart the Abyss, Bend Space


You were on level 6 of the Dungeon.
You worshipped Lugonu.
Lugonu was pleased with you.
You visited 1 branch of the dungeon, and saw 6 of its levels.
You visited the Abyss 1 time.

You collected 200 gold pieces.
You spent 159 gold pieces at shops.

Inventory:

Hand Weapons
 a - a +1 hand axe of flaming (weapon)
 y - a +2 broad axe of venom
Missiles
 e - 41 sling bullets
 r - 2 boomerangs
 s - 11 bolts
Armour
 b - a +0 leather armour
 l - a +0 ring mail
 n - a +0 chain mail (worn)
Jewellery
 w - a ring of willpower (left hand)
Wands
 t - a wand of iceblast (9) {@v4}
 v - a wand of flame (14)
Scrolls
 c - 4 scrolls of teleportation {@r3}
 j - a scroll of blinking {@r4}
 m - a scroll of immolation
Potions
 d - a potion of brilliance
 f - a potion of flight
 o - 2 potions of degeneration {unknown}
 p - a potion of berserk rage
 x - a potion of mutation


   Skills:
 - Level 3.0 Fighting
 * Level 5.9 Axes
 - Level 1.5 Armour
 - Level 0.7 Dodging
 + Level 4.6 Invocations


You had 5 spell levels left.
You didn't know any spells.
Your spell library contained the following spells:

 Spells                   Type           Power      Damage    Failure   Level
 Ensorcelled Hibernation  Hex/Ice        0%         N/A       100%        2
 Call Canine Familiar     Summ           0%         N/A       100%        3
 Conjure Flame            Conj/Fire      0%         6-21      100%        3
 Ignite Poison            Fire/Tmut/Pois 0%         N/A       100%        3
 Portal Projectile        Hex/Tloc       0%         N/A       100%        3
 Tukima's Dance           Hex            0%         N/A       100%        3
 Leda's Liquefaction      Hex/Erth       0%         N/A       100%        4
 Sticky Flame             Conj/Fire      0%         2d3       100%        4


Dungeon Overview and Level Annotations

Branches:
Dungeon (6/15)             Temple (0/1) D:5

Altars:
Makhleb
Sif Muna

Shops:
D:4 ?   D:5 (!*?(

Portals:
Sewer: D:6

Annotations:
D:4 Dowan, Duvessa


Innate Abilities, Weirdness & Mutations

You are completely covered in rugged brown scales. (AC +3, +7% HP)
You have supernaturally acute eyesight. (SInv)
Armour fits poorly on your strangely shaped body.
You can roll at nearby foes to attack.
You have a long armoured tail.


Message History

You start resting.
You feel yourself speed up.
You start resting.
You recover from your berserk rage.
You start resting.
HP restored.
Unknown command.
You climb downwards.
You hear the sound of rushing water.
There is an entrance to a sewer on this level.
Hurry and find it before the portal rusts away!
You hear the rusting of a drain.
The gnoll shaman invokes the aid of its god against you.
You resist with almost no effort.
There is a stone staircase leading up here.
A red film seems to cover your vision as you go berserk!
You feel yourself moving faster!
You feel mighty!
You feel a strong urge to attack something.
You feel your anger nearly subside.
You are no longer berserk.
You are exhausted.
You feel yourself slow down.
You closely miss the gnoll shaman. The gnoll shaman barely misses you.
You hit the gnoll shaman. You burn the gnoll shaman.
The gnoll shaman is moderately wounded.
The gnoll shaman hits you with a +0 club.
You barely miss the gnoll shaman.
The gnoll shaman is moderately wounded.
You hit the gnoll. You burn the gnoll. The gnoll barely misses you.
The gnoll hits you from afar with a +0 halberd.
The gnoll shaman invokes the aid of its god against you.
You resist with almost no effort. The gnoll hits you but does no damage.
You are electrocuted!!
The gnoll barely misses you.
The gnoll shaman splashes around in the water.
The gnoll hits you from afar with a +0 halberd!
The gnoll shaman hits you with a +0 club.
There is a stone staircase leading up, spattered with blood here.
The gnoll hits you from afar with a +0 halberd.
The gnoll hits you but does no damage.
You are electrocuted!
You die...

....≈≈....≈≈≈.#
..).≈≈.....≈≈.#.###
......≈.∩..W≈.#....
.##.≈≈.....K≈.....#
....≈≈÷....≈≈.....#
....##≈≈≈≈≈##....#
....##≈≈≈≈l##g...##
.........gg≈......
.........@.#.....
##...............
#.........#.....
#......#...##..#
#......#.... ##
#.........<..
#####........# #.
.##..##


You could see a gnoll shaman, an iguana and 2 gnolls.

Vanquished Creatures
  A water moccasin skeleton (D:4)
  A bullfrog skeleton (D:5)
  2 hounds
  A jelly (D:5)
  Jessica (D:2)
  Ijyb (D:3)
  An iguana (D:5)
  A hound skeleton (D:5)
  A gnoll (D:5)
  4 adders
  A white imp (D:5)
  An ufetubus (D:5)
  2 adder skeletons
  4 worms
  2 dart slugs
  4 orcs (D:4)
  3 endoplasms
  8 giant cockroaches
  8 goblins
  5 hobgoblins
  6 jackals
  6 ball pythons
  2 bats
  5 frilled lizards
  6 kobolds
  3 rats (D:1)
  A spectral goblin (D:1)
81 creatures vanquished.

Notes
Turn   | Place    | Note
-------+----------+-------------------------------------------
     0 | Abyss:1  | Zenkrye the Palentonga Abyssal Knight began the quest for
                  | the Orb.
     0 | Abyss:1  | Reached XP level 1. HP: 19/19 MP: 2/2
    34 | Abyss:1  | Noticed a revenant
    35 | D:1      | Escaped the Abyss
   161 | D:1      | Reached XP level 2. HP: 25/25 MP: 3/3
   226 | D:1      | Reached * piety under Lugonu
   459 | D:1      | Found a faded altar of an unknown god.
   494 | D:1      | Reached skill level 3 in Axes
   889 | D:2      | Reached XP level 3. HP: 31/31 MP: 4/4
  1275 | D:2      | Noticed Jessica
  1289 | D:2      | Killed Jessica
  1290 | D:2      | Reached XP level 4. HP: 31/37 MP: 6/6
  1745 | D:3      | Noticed Ijyb
  1785 | D:3      | Reached skill level 4 in Axes
  1969 | D:4      | Reached ** piety under Lugonu
  2016 | D:4      | Found a burning altar of Makhleb.
  2101 | D:4      | Reached XP level 5. HP: 17/43 MP: 7/7
  2350 | D:4      | Found a shimmering blue altar of Sif Muna.
  2384 | D:4      | Found Kaiwn's Magic Scroll Shoppe.
  2392 | D:4      | Bought a scroll of teleportation for 30 gold pieces
  2395 | D:4      | Noticed Duvessa
  2401 | D:4      | Noticed Dowan
  2459 | D:3      | Killed Ijyb
  2752 | D:5      | Entered Level 5 of the Dungeon
  2762 | D:5      | Reached skill level 5 in Axes
  2920 | D:5      | Found Ruomneud's Weapon Shop.
  2930 | D:5      | Found Medghuiw's Distillery.
  3058 | D:5      | Reached XP level 6. HP: 5/50 MP: 9/9
  3375 | D:5      | Found a staircase to the Ecumenical Temple.
  3396 | D:5      | Found Logyephiwn's Weapon Shop.
  3446 | D:5      | Bought a +1 broad axe of venom for 129 gold pieces
  3465 | D:5      | Found Titz's General Store.
  3466 | D:5      | Found Lovuas's Magic Scroll Shop.
  3883 | D:6      | Found a glowing drain.
  4210 | D:6      | Slain by a gnoll

Illustrated notes

Levels and vault maps discovered:
D:1:      noname_arrival_rooms_in_the_neighbourhood, layout_basic,
          dreamdust_ecumenical_altar_drowned_temple, minmay_worlds_worst_comb
D:2:      layout_rooms, uniq_jessica
D:3:      layout_rooms, chequers_serial_rivers_micro_d, uniq_ijyb
D:4:      layout_cave_pools, lemuel_doored_altar, general_overflow_altar,
          lemuel_coloured_pillars_altar, serial_shops, shop, uniq_duvessa
D:5:      layout_cave_pools, minmay_temple_entry_overgrown, serial_shops,
          nicolae_shop_statue_plus, nicolae_shop_temple_entry_statues_fountains,
          shop, shop_statue, shop, grunt_decor_junction
D:6:      layout_cave_pools, cheibrodos_sewer_entry_sluice, st_stairs_4,
          hex_tiny, wad_floor_pattern_2, minmay_fire_ice_demons

Skill      XL: |  1  2  3  4  5 |
---------------+----------------+-----
Axes           | 3 4 5 |  5.9
Invocations    | 3 4 |  4.6
Fighting       | |  3.0
Armour         | |  1.5
Dodging        | |  0.7

Action                   |  1- 3 |  4- 6 || total
-------------------------+-------+-------++-------
Melee: Hand axe          |    86 |   177 ||   263
       Tailslap          |    10 |    21 ||    31
Invok: Depart the Abyss  |     1 |       ||     1
 Abil: Rolling Charge    |     3 |     5 ||     8
Evoke: Wand              |       |     3 ||     3
  Use: Scroll            |       |    11 ||    11
       Potion            |       |     3 ||     3
Armor: Leather armour    |    26 |       ||    26
       Ring mail         |     8 |    35 ||    43
       Chain mail        |       |    88 ||    88
Dodge: Dodged            |    30 |    57 ||    87

Table legend: (Time is in decaauts)
 A = Elapsed time spent in this place.
 B = Non-inter-level travel time spent in this place.
 C = Inter-level travel time spent in this place.
 D = Time resting spent in this place.
 E = Time spent auto-exploring this place.
 F = Levels seen in this place.
 G = Mean time per level.
                   A        B        C        D        E       F      G
               +--------+--------+--------+--------+--------+-----+--------+
         Total |   4249 |   4105 |    144 |   1099 |   2315 |   7 |  607.0 |
       Dungeon |   4214 |   4070 |    144 |   1099 |   2282 |   6 |  702.3 |
         Abyss |     35 |     35 |      0 |      0 |     33 |   1 |   35.0 |
               +--------+--------+--------+--------+--------+-----+--------+

Top non-repeatable levels by time:
     D:5: 1422 daAuts
     D:1: 863 daAuts
     D:3: 718 daAuts
     D:2: 618 daAuts
     D:4: 542 daAuts
     D:6: 49 daAuts
 Abyss:1: 35 daAuts
